 Dungeon Crawl Stone Soup version 0.26.1-11-gd32895ea62 (webtiles) character file.

Game seed: 14296242478958559430

650440 dtburroughs the Slayer (level 27, -1/184 HPs)
             Began as a Minotaur Berserker on July 1, 2021.
             Was the Champion of Trog.
             Splashed by an acid blob's acid (6 damage)
             ... on level 4 of the Pits of Slime on July 3, 2021.
             The game lasted 05:16:14 (80700 turns).

dtburroughs the Slayer (Minotaur Berserker)        Turns: 80700, Time: 05:16:15

Health: -1/184     AC: 21    Str: 36      XL:     27
Magic:  17/29      EV: 26    Int:  7      God:    Trog [******]
Gold:   5576       SH: 40    Dex: 15 (17) Spells: 26/26 levels left

rFire    + + .     SeeInvis .   G - +7 broad axe "Atsedd" {vorpal, *Noise Will++ Dex+3}
rCold    + + +     Faith    .   B - +8 tower shield
rNeg     + + +     Spirit   .   U - +9 scale mail of Grace {rF++ rN+ Stlth+}
rPois    +         Reflect  +   T - +3 hat of Pondering {ponderous, Will+ MP+10 Int+5}
rElec    +         Harm     .   e - +2 cloak
rCorr    +         Rampage  .   w - +2 pair of gloves {Dex+3}
Will     +++++     Rnd*Rage +   h - +0 pair of boots of the Nightingale {rPois rC+ Int-4}
Stlth    +.........             a - amulet of Rationality {Reflect *Slow rPois Str+2 Int+8 SH+5}
HPRegen  0.40/turn              W - ring of Vonkur {rC+ rN+ rCorr Str+9 Int-3}
MPRegen  0.21/turn              I - ring "Uchimiq" {rElec rC+ rN+ Int-4 Slay+2}

@: corroded, slow
A: retaliatory headbutt, horns 2, iridescent scales 1, berserk 1, blurry vision
3, clumsy 1, deformed body, deterioration 1, dopey 1, frail 3, low mp 1, sense
surroundings 1, screaming 3, weak 2
}: 3/15 runes: decaying, serpentine, silver
a: Renounce Religion, Berserk, Trog's Hand, Brothers in Arms


You were on level 4 of the Pits of Slime.
You worshipped Trog.
Trog was exalted by your worship.
You visited 10 branches of the dungeon, and saw 54 of its levels.
You visited 1 bazaar.
You also visited: Sewer, Gauntlet and Desolation.

You collected 9625 gold pieces.
You spent 4049 gold pieces at shops.

Inventory:

Hand Weapons
 p - a +4 broad axe of flaming
 G - the +7 broad axe "Atsedd" (weapon) {vorpal, *Noise Will++ Dex+3}
   (Trog gifted it to you on level 1 of the Depths)

   It inflicts extra damage upon your enemies.
   It affects your dexterity (+3).
   It affects your willpower, your defense against some magical effects.
   It may make noises in combat.
Armour
 e - a +2 cloak (worn)
 h - the +0 pair of boots of the Nightingale (worn) {rPois rC+ Int-4}
   (You found it in a Gauntlet)

   It affects your intelligence (-4).
   It protects you from cold.
   It protects you from poison.
 w - a +2 pair of gloves of dexterity (worn)
 B - a +8 tower shield (worn)
 T - the +3 hat of Pondering (worn) {ponderous, Will+ MP+10 Int+5}
   (You took it off Gastronok on level 11 of the Dungeon)

   It affects your intelligence (+5).
   It affects your willpower, your defense against some magical effects.
   It affects your magic capacity (+10).
 U - the +9 scale mail of Grace (worn) {rF++ rN+ Stlth+}
   (You found it in a Gauntlet)

   It greatly protects you from fire.
   It protects you from negative energy.
   It makes you more stealthy.
Jewellery
 a - the amulet of Rationality (around neck) {Reflect *Slow rPois Str+2 Int+8 SH+5}
   (You bought it in a shop in a bazaar)

   [amulet of reflection]

   It shields you and reflects attacks.
   It affects your strength (+2).
   It affects your intelligence (+8).
   It protects you from poison.
   It may slow you when you take damage.
   It affects your SH (+5).
 I - the ring "Uchimiq" (right hand) {rElec rC+ rN+ Int-4 Slay+2}
   (You took it off a tengu reaver on level 3 of the Depths)

   [ring of intelligence]

   It affects your intelligence (-4).
   It affects your accuracy and damage with ranged weapons and melee attacks
   (+2).
   It protects you from cold.
   It insulates you from electricity.
   It protects you from negative energy.
 L - an uncursed ring of see invisible
 W - the ring of Vonkur (left hand) {rC+ rN+ rCorr Str+9 Int-3}
   (You took it off a yaktaur on level 2 of the Vaults)

   [ring of resist corrosion]

   It affects your strength (+9).
   It affects your intelligence (-3).
   It protects you from cold.
   It protects you from negative energy.
   It provides partial protection from all sources of acid and corrosion.
Wands
 j - a wand of acid (39)
 k - a wand of paralysis (26)
 t - a wand of iceblast (71)
 v - a wand of disintegration (10)
 E - a wand of enslavement (33)
 F - a wand of digging (20)
 M - a wand of polymorph (51)
 X - a wand of flame (159)
 Y - a wand of random effects (110)
Scrolls
 b - 4 scrolls of enchant weapon
 c - 14 scrolls of remove curse
 d - 5 scrolls of blinking
 g - 34 scrolls of teleportation
 m - 5 scrolls of summoning
 o - 14 scrolls of fog
 q - 8 scrolls of fear
 y - 5 scrolls of magic mapping
 A - a scroll of immolation
 Z - 3 scrolls of silence
Potions
 f - 19 potions of curing
 i - 12 potions of lignification
 r - 9 potions of might
 s - 14 potions of haste
 u - 11 potions of flight
 x - 4 potions of invisibility
 H - 4 potions of mutation
 J - 5 potions of resistance
 K - 6 potions of heal wounds
 O - 7 potions of magic
 R - 2 potions of cancellation
 V - 12 potions of ambrosia
Miscellaneous
 l - a condenser vane
 z - a tin of tremorstones (2/2)
 C - a lightning rod (4/4)
 D - a phantom mirror
 N - a phial of floods
 Q - a box of beasts


   Skills:
 + Level 24.4 Fighting
 - Level 20.0 Axes
 + Level 24.3 Armour
 + Level 22.7 Dodging
 + Level 23.7 Shields
 + Level 19.2 Evocations


You had 26 spell levels left.
You didn't know any spells.
Your spell library was empty.

Dungeon Overview and Level Annotations

Branches:
Dungeon (15/15)            Temple (0/1) D:5            Lair (6/6) D:8
  Swamp (4/4) Lair:2        Snake (4/4) Lair:3        Slime (5/5) Lair:5
    Orc (2/2) D:9             Elf (3/3) Orc:2        Vaults (5/5) D:14
  Crypt (0/3) Vaults:3     Depths (5/5) D:15            Zot (5/5) Depths:5
  Sewer (visited)         Desolation (visited)      Gauntlet (visited)

Altars:
Cheibriados
Elyvilon
Fedhas
Hepliaklqana
Makhleb
Nemelex Xobeh
Okawaru
Qazlal
Ru
Sif Muna
Uskayaw
Wu Jian
Xom
Yredelemnul
Beogh
Jiyva
Lugonu

Shops:
D:13 *   D:14 !*!(}   Orc:2 *(:[*   Vaults:1 ?   Vaults:3 :   Vaults:5 (
Depths:1 :[*   Depths:5 *}

Portals:
Hell: Lair:6 Depths:1 Depths:2 Depths:3 Depths:4 Depths:5
Abyss: Depths:2 Depths:4 Depths:5
Pandemonium: Depths:3
Ziggurat: Depths:4
Trove: Depths:4 (give +8 demon whip)

Annotations:
D:4 3 runed translucent doors, JBAR's ghost, amateur DsFi; Silvore's ghost, amateur DrTm; om's ghost, amateur DEIE; promet's ghost, amateur HuFi
Lair:3 exclusion: 2 oklob plants
Lair:4 2 transporters, Veahink Zyod's ghost, journeyman GrFi
Lair:5 exclusion: oklob plant
Snake:2 3 runed translucent doors, Gitz's ghost, adept OpFi; Xasup's ghost, adept MiFi
Snake:3 Roxanne
Slime:5 Royal Jelly


Innate Abilities, Weirdness & Mutations

You reflexively headbutt those who attack you in melee.
You have a pair of horns on your head.
You are partially covered in iridescent scales. (AC +2)
You tend to lose your temper in combat.
Scrolls take you much longer to read.
You are clumsy. (Dex -2)
Armour fits poorly on your strangely shaped body.
Your body sometimes deteriorates upon taking damage.
You are dopey. (Int -2)
You are extremely frail. (-30% HP)
Your magical capacity is low. (-10% MP)
You passively map a small area around you.
You frequently scream uncontrollably at your foes.
You are very weak. (Str -4)


Message History

The acid corrodes you!
You are splashed with acid.
You resist.
* * * LOW HITPOINT WARNING * * *
You block the acid blob's attack. x2; The azure jelly completely misses you.
The azure jelly hits you but does no damage. x2
The azure jelly closely misses you. You block the acid blob's attack.
The acid blob spits acid at you. The splash of acid misses you.
The splash of acid hits the acid blob.
The acid blob completely resists.
You begin reading the scroll.
You continue reading the scroll.
The acid blob closely misses you. You furiously retaliate!
You headbutt the acid blob, but do no damage.
The acid blob spits acid at you.
The splash of acid hits you but does no damage.
You resist.
You are splashed with acid.
You resist.
* * * LOW HITPOINT WARNING * * *
The acid blob spits acid at you. The splash of acid hits you. You resist.
* * * LOW HITPOINT WARNING * * *
You are splashed with acid.
You resist.
You die...

....#............# .....
#....#..........####....#
*
......#..........#.....#*
..<......................
,
#........................
,
##..................##...
,
##.#.###................
, ##.##.........GJ.......
#............J@J....... *
##...........JJJ.......
###................... **
#......##........... * *
* .....##.........^.. ,,
##.#*##..#....#... *
############


You could see 5 acid blobs, an azure jelly and an eye of draining.

Vanquished Creatures
  3 ancient liches (Zot:5)
  2 orbs of fire (Zot:5)
  2 juggernauts
  A royal mummy (Depths:2)
  4 Killer Klowns (Zot:5)
  A shard shrike (Zot:5)
  Margery (Depths:5)
  2 caustic shrikes
  11 golden dragons
  Nikola (Swamp:4)
  A golden dragon (shapeshifter) (Depths:3)
  Jory (Vaults:5)
  A bone dragon (Vaults:3)
  5 electric golems
  An iron giant (Zot:5)
  25 Orb Guardians
  13 tentacled monstrosities
  5 liches
  7 titans
  3 deep elf blademasters
  16 acid blobs
  2 quicksilver dragons (Vaults:5)
  2 deep elf master archers (Elf:3)
  Gastronok (D:11)
  6 death cobs
  11 sphinxes
  3 thorn hunters (Swamp:4)
  15 tengu reavers
  Kirke (Snake:3)
  10 shadow dragons
  Donald (Swamp:2)
  14 storm dragons
  11 fire giants
  8 nagarajas
  5 azure jellies
  8 frost giants
  Aizul (Snake:3)
  11 deep elf sorcerers
  3 draconian knights
  7 draconian scorchers
  An orc warlord (Orc:2)
  The ghost of promet the Fighter, an adept VSFi of Dithmenos (Orc:2)
  2 ghost moths
  A draconian shifter (Zot:3)
  An imperial myrmidon (Desolation)
  5 iron dragons
  Louise (Snake:3)
  9 vault wardens
  6 deep elf elementalists
  23 very ugly things
  3 war gargoyles (Vaults:5)
  12 ironheart preservers
  2 draconian stormcallers (Zot:4)
  7 draconian annihilators
  3 spriggan defenders (Depths:3)
  18 stone giants
  9 green draconians
  7 deep elf demonologists
  A vampire knight (Depths:4)
  4 white draconians
  Azrael (D:12)
  12 deep elf annihilators
  5 yellow draconians
  11 black draconians
  A dire elephant (Lair:6)
  3 spark wasps (Depths:5)
  A minotaur (Gauntlet)
  8 purple draconians
  14 red draconians
  2 bunyips
  5 ettins
  5 eleionomae
  A merfolk javelineer (Depths:3)
  Snorg (D:11)
  6 death oozes
  8 deep elf death magi
  17 yaktaur captains
  4 mummy priests (Depths:2)
  8 deep elf high priests
  3 crystal guardians
  9 fire dragons
  7 great orbs of eyes
  8 ragged hierophants (Desolation)
  6 ice dragons
  A shambling mangrove (Swamp:2)
  25 vault guards
  3 servants of whispers (Desolation)
  5 peacekeepers
  4 boulder beetles
  A catoblepas (Lair:2)
  17 naga warriors
  2 rakshasas
  27 hydras
  2 ghost crabs
  14 centaur warriors
  An anaconda (shapeshifter) (Vaults:3)
  30 dancing weapons
  7 anacondas
  5 alligators
  7 deep troll earth magi
  56 two-headed ogres
  16 ogre magi
  8 deep troll shamans
  12 tengu warriors
  An orc high priest (Orc:2)
  Urug (D:11)
  4 shock serpents
  8 spriggan berserkers
  2 vampire magi
  11 naga sharpshooters
  21 deep elf knights
  A fire crab (Gauntlet)
  2 hell knights
  4 goliath frogs
  A skeletal warrior (D:14)
  A sixfirhy (Lair:6)
  A goliath frog (shapeshifter) (Depths:5)
  6 iron trolls
  5 salamander mystics
  A shadow wraith (Vaults:1)
  An iron troll (shapeshifter) (Vaults:5)
  2 flayed ghosts
  A deep troll (shapeshifter) (Elf:3)
  A glowing orange brain (shapeshifter) (Vaults:5)
  4 spriggan druids
  17 deep trolls
  6 bog bodies
  5 wizards
  An unseen horror (D:11)
  8 naga ritualists
  12 swamp dragons
  7 glowing orange brains
  2 phantasmal warriors
  A harpy (Vaults:3)
  11 deep elf archers
  An orange crystal statue (D:14)
  Pikel (D:8)
  A large abomination (Elf:3)
  2 human zombies (Vaults:5)
  An orb spider (shapeshifter) (Elf:3)
  4 necromancers
  A lindwurm (shapeshifter) (Vaults:4)
  21 ironbrand convokers
  A mana viper (shapeshifter) (Vaults:1)
  16 orc knights
  10 mana vipers
  3 wolf spiders
  7 orc sorcerers
  68 ugly things
  9 salamanders
  A will-o-the-wisp (Swamp:3)
  A faun (shapeshifter) (Elf:2)
  10 shining eyes
  65 deep elf magi
  A shining eye (shapeshifter) (Vaults:3)
  2 manticores
  3 cyclopes
  An eye of devastation (shapeshifter) (Vaults:5)
  14 moths of wrath
  10 elephants
  2 orange demons (Lair:6)
  A molten gargoyle (Desolation)
  10 guardian serpents
  16 vault sentinels
  17 cane toads
  A smoke demon (Lair:6)
  A stone giant skeleton (Depths:1)
  35 black mambas
  A black mamba (shapeshifter) (Vaults:2)
  15 naga magi
  Psyche (D:9)
  A torpor snail (Lair:2)
  2 hellions (Zot:4)
  A yaktaur zombie (Vaults:5)
  A gargoyle (D:15)
  10 rime drakes
  65 yaktaurs
  2 kobold demonologists
  3 ice devils (Lair:6)
  5 efreet
  5 komodo dragons
  4 guardian mummies
  3 small abominations (Elf:3)
  5 freezing wraiths
  7 tengu conjurers
  A human skeleton (Vaults:5)
  A red devil (Lair:6)
  A queen bee (Depths:3)
  A bloated husk (Swamp:2)
  45 slime creatures
  A polar bear (Lair:6)
  Grinder (Sewer)
  57 saltlings
  A troll (shapeshifter) (Vaults:3)
  14 blink frogs
  An ettin zombie (Depths:1)
  A jumping spider (shapeshifter) (Elf:1)
  11 tyrant leeches
  4 trolls
  13 hornets
  6 dream sheep (Lair:6)
  A snapping turtle (shapeshifter) (Vaults:1)
  A blink frog (shapeshifter) (Vaults:4)
  A meliai zombie (D:10)
  4 dream sheep (shapeshifter)
  A shadow (D:14)
  2 air elementals
  A tarantella (shapeshifter) (D:13)
  9 water elementals
  4 wraiths (D:12)
  14 spriggans
  A yak (shapeshifter) (Vaults:5)
  4 wyverns
  2 fire bats (Gauntlet)
  34 yaks
  2 vampires
  6 basilisks
  A neqoxec (Gauntlet)
  A human (shapeshifter) (Vaults:4)
  A golden eye (shapeshifter) (Vaults:3)
  5 golden eyes
  33 fire elementals
  3 hogs
  15 wargs
  11 vampire mosquitoes
  2 chaos spawn (Gauntlet)
  20 swamp worms
  5 acid dragons
  15 water moccasins
  56 nagas
  A soldier ant (D:13)
  A water moccasin (shapeshifter) (Vaults:5)
  6 hell hounds
  A floating eye (Depths:3)
  3 ice beasts
  3 sky beasts
  A sky beast (shapeshifter) (D:15)
  36 ogres
  11 swamp drakes
  An ettin simulacrum (Vaults:2)
  33 orc warriors
  5 black bears
  2 necrophages (D:6)
  2 phantoms
  A boggart (shapeshifter) (Vaults:5)
  5 eyes of draining
  13 wolves
  24 boggarts
  29 centaurs
  4 lemures (D:8)
  3 big kobolds
  2 big kobolds (shapeshifter)
  Blork the orc (Orc:2)
  16 bullfrogs
  3 wyvern zombies
  A glowing shapeshifter simulacrum (Depths:1)
  An earth elemental (Elf:1)
  4 wyvern skeletons
  5 scorpions
  An elf simulacrum (Vaults:5)
  21 killer bees
  9 wights
  2 electric eels
  2 crimson imps (Depths:1)
  15 orc priests
  6 centaur zombies
  7 hounds
  9 jellies
  2 jellies (shapeshifter) (Vaults:5)
  6 centaur skeletons
  23 orc wizards
  4 bullfrog skeletons
  An iron imp (Depths:4)
  4 iguanas
  11 worker ants
  5 polar bear simulacra (D:11)
  A wolf simulacrum (D:11)
  A yak simulacrum (D:11)
  A killer bee zombie (D:7)
  3 big kobold zombies (Sewer)
  A hound zombie (D:11)
  2 hound skeletons (D:10)
  A howler monkey zombie (D:8)
  A worker ant zombie (D:10)
  A river rat (D:5)
  12 adders
  An adder (shapeshifter) (Vaults:5)
  4 shadow imps
  3 white imps
  4 ufetubi
  An ooze (Sewer)
  An adder zombie (Sewer)
  An adder skeleton (D:4)
  2 worms (D:2)
  3 dart slugs
  3 leopard geckos
  79 orcs
  7 giant cockroaches
  5 goblins
  10 hobgoblins
  20 jackals
  6 quokkas
  4 ball pythons
  8 bats
  7 frilled lizards
  30 kobolds
  4 kobold zombies (Sewer)
  A leopard gecko zombie (D:6)
  A quokka skeleton (D:5)
  7 rats
  4 river rat simulacra (D:11)
  10 crawling corpses (Elf:3)
2358 creatures vanquished.

Vanquished Creatures (collateral kills)
  A royal mummy (Depths:2)
  A deep elf blademaster (Elf:2)
  A sphinx (Depths:5)
  A storm dragon (Depths:5)
  A vault warden (Vaults:5)
  A deep elf sorcerer (Vaults:1)
  2 ironheart preservers
  A dire elephant (Lair:5)
  A crystal guardian (D:14)
  The ghost of JBAR the Blocker, a journeyman GnFi of Yredelemnul (Orc:1)
  An ettin (Depths:5)
  A mummy priest (Depths:2)
  A naga warrior (Snake:4)
  A vault guard (Vaults:5)
  An ice dragon (Depths:5)
  A catoblepas (Lair:5)
  Erica (D:8)
  2 hell knights (Depths:5)
  A mana viper (Snake:4)
  A wolf spider (Vaults:5)
  2 elephants (Lair:5)
  A guardian serpent (Snake:4)
  A naga mage (Snake:4)
  A vault sentinel (Vaults:1)
  A centaur skeleton (D:14)
  2 yaktaurs (Depths:5)
  5 nagas (Snake:4)
  An orc wizard (D:14)
36 creatures vanquished.

Vanquished Creatures (others)
  Asterion (Elf:2)
  A tengu reaver (Vaults:5)
  A fire giant (Vaults:3)
  A yaktaur captain (Vaults:1)
  A peacekeeper (Desolation)
  An alligator (Swamp:3)
  2 deep elf knights (Vaults:1)
  A goliath frog (Swamp:3)
  A spriggan druid (Swamp:3)
  A deep elf mage (Elf:3)
  A hornet (Swamp:3)
  A fire elemental (Elf:1)
  A swamp worm (Swamp:3)
  A boggart (Vaults:1)
  An ogre (Vaults:5)
  2 big kobolds (D:9)
  A killer bee (Depths:3)
  A white imp (D:9)
  2 orcs
  A jackal (D:9)
  5 briar patches (Swamp:4)
  A demonic plant (Gauntlet)
  10 foxfires
  32 fungi
  43 plants
  10 toadstools (Lair:5)
  7 withered plants
131 creatures vanquished.

Grand Total: 2525 creatures vanquished

Notes
Turn   | Place    | Note
-------+----------+-------------------------------------------
     0 | D:1      | dtburroughs the Minotaur Berserker began the quest for the
                  | Orb.
     0 | D:1      | Reached XP level 1. HP: 19/19 MP: 0/0
   261 | D:1      | Reached XP level 2. HP: 23/27 MP: 1/1
   771 | D:1      | Reached XP level 3. HP: 33/33 MP: 2/2
  1219 | D:2      | Reached ** piety under Trog
  1388 | D:2      | Reached XP level 4. HP: 28/41 MP: 3/3
  2332 | D:3      | Found a shimmering blue altar of Sif Muna.
  2638 | D:3      | Found a stormy altar of Qazlal.
  2640 | D:3      | Noticed a water elemental
  2641 | D:3      | Noticed an earth elemental
  2641 | D:3      | Noticed a fire elemental
  2641 | D:3      | Noticed an air elemental
  3274 | D:4      | Reached XP level 5. HP: 47/47 MP: 4/4
  3340 | D:4      | Noticed a phantom
  3358 | D:4      | Killed a phantom
  3359 | D:4      | Reached skill level 5 in Fighting
  3359 | D:4      | Reached skill level 5 in Axes
  3368 | D:4      | Reached *** piety under Trog
  3369 | D:4      | Reached XP level 6. HP: 46/56 MP: 5/5
  3966 | D:4      | Found a snail-covered altar of Cheibriados.
  4018 | D:4      | Found a runed translucent gate.
  4018 | D:4      | Found a runed translucent gate.
  4018 | D:4      | Found a runed translucent gate.
  4019 | D:4      | Noticed om's ghost (amateur DEIE)
  4019 | D:4      | Noticed promet's ghost (amateur HuFi)
  4019 | D:4      | Noticed JBAR's ghost (amateur DsFi)
  4019 | D:4      | Noticed Silvore's ghost (amateur DrTm)
  4144 | D:4      | Found an iron altar of Okawaru.
  4145 | D:4      | Found a burning altar of Makhleb.
  4148 | D:4      | Found an ornate altar of the Wu Jian Council.
  4150 | D:4      | Found a stormy altar of Qazlal.
  4362 | D:5      | Entered Level 5 of the Dungeon
  4572 | D:5      | Reached XP level 7. HP: 61/62 MP: 6/6
  4703 | D:5      | Found a glowing drain.
  4719 | Sewer    | Entered a sewer
  4727 | Sewer    | Reached skill level 5 in Armour
  4931 | Sewer    | Found an ancient bone altar of Kikubaaqudgha.
  5105 | Sewer    | Reached skill level 5 in Dodging
  5136 | Sewer    | Reached **** piety under Trog
  5283 | Sewer    | Noticed Grinder
  5290 | Sewer    | Paralysed by Grinder for 4 turns
  5308 | Sewer    | Killed Grinder
  5309 | Sewer    | Reached XP level 8. HP: 48/71 MP: 7/7
  5588 | D:5      | Found a staircase to the Ecumenical Temple.
  5734 | D:5      | Found a sparkling altar of Nemelex Xobeh.
  5734 | D:5      | Found a sacrificial altar of Ru.
  7122 | D:8      | Noticed Erica
  7146 | D:8      | Killed Erica
  7147 | D:8      | Reached skill level 1 in Shields
  7147 | D:8      | Reached skill level 1 in Evocations
  7147 | D:8      | Reached XP level 9. HP: 21/81 MP: 1/8
  8028 | D:8      | Noticed Pikel
  8265 | D:8      | Found a staircase to the Lair.
  8350 | D:8      | Killed Pikel
  8613 | D:9      | Found a white marble altar of Elyvilon.
  8617 | D:9      | Found a blossoming altar of Fedhas.
  8617 | D:9      | Found a hazy altar of Hepliaklqana.
  8618 | D:9      | Found a hide-covered altar of Uskayaw.
  8693 | D:9      | Reached XP level 10. HP: 91/91 MP: 9/9
  8949 | D:9      | Found a staircase to the Orcish Mines.
  9100 | D:9      | Found a shimmering altar of Xom.
  9251 | D:9      | Noticed Psyche
  9254 | D:9      | Killed Psyche
  9331 | D:10     | Entered Level 10 of the Dungeon
  9761 | D:10     | Reached skill level 5 in Shields
 10080 | D:10     | Reached ***** piety under Trog
 10232 | Lair:1   | Entered Level 1 of the Lair of Beasts
 10665 | Lair:1   | Reached skill level 10 in Fighting
 10960 | Lair:1   | Noticed a cane toad
 10968 | Lair:1   | Killed a cane toad
 10969 | Lair:1   | Reached XP level 11. HP: 87/99 MP: 7/10
 11148 | Lair:1   | Reached skill level 10 in Axes
 11311 | Lair:2   | Noticed a four-headed hydra
 11328 | Lair:2   | Killed a four-headed hydra
 11715 | Lair:2   | Noticed a four-headed hydra
 11765 | Lair:2   | Reached skill level 10 in Armour
 11906 | Lair:2   | Reached skill level 5 in Evocations
 11979 | Lair:1   | Killed a four-headed hydra
 12581 | Lair:2   | Noticed a catoblepas
 12614 | Lair:2   | Killed a catoblepas
 13293 | Lair:2   | Found a staircase to the Swamp.
 13480 | Lair:2   | Reached XP level 12. HP: 90/110 MP: 8/11
 14024 | Lair:3   | Found a staircase to the Snake Pit.
 14286 | Lair:3   | Reached skill level 10 in Dodging
 14629 | Lair:3   | Found a dark tunnel.
 15295 | Lair:4   | Found a transporter.
 15295 | Lair:4   | Noticed a death yak
 15514 | Lair:4   | Noticed a catoblepas
 15600 | Lair:4   | Found a transporter.
 15609 | Lair:4   | Noticed Veahink Zyod's ghost (journeyman GrFi)
 16222 | Lair:5   | Noticed a five-headed hydra
 16236 | Lair:5   | Killed a five-headed hydra
 16329 | Lair:5   | Noticed a four-headed hydra
 16645 | Lair:4   | Killed a five-headed hydra
 17478 | Lair:5   | Found a viscous altar of Jiyva.
 17478 | Lair:5   | Found a staircase to the Slime Pits.
 17557 | Lair:5   | Reached XP level 13. HP: 118/118 MP: 12/12
 18024 | Lair:5   | Noticed a dire elephant
 18025 | Lair:5   | Found the amulet of Vitality {Regen+ HP+15}
 18045 | Lair:5   | Found a runed translucent door.
 18303 | Lair:5   | Killed a dire elephant
 18883 | Lair:6   | Entered Level 6 of the Lair of Beasts
 19679 | Lair:6   | Reached skill level 10 in Shields
 21003 | Lair:6   | Noticed a dire elephant
 21020 | Lair:6   | Killed a dire elephant
 21501 | Lair:6   | Found a burning altar of Makhleb.
 21973 | Lair:6   | Found a gateway to Hell.
 21975 | Lair:6   | Found the +8 whip "Snakebite" {curare, rPois}
 22632 | D:11     | Noticed Snorg
 22654 | D:11     | Killed Snorg
 22655 | D:11     | Reached XP level 14. HP: 127/127 MP: 13/13
 22677 | D:11     | Noticed Urug
 22686 | D:11     | Killed Urug
 23295 | D:11     | Received a gift from Trog
 23439 | D:11     | Noticed Gastronok
 23453 | D:11     | Killed Gastronok
 24061 | D:12     | Noticed Azrael
 24079 | D:12     | Killed Azrael
 24367 | D:12     | Found the +5 scythe "Finisher" {speed, eviscerate}
 24980 | D:13     | Found Risuomukk's Assorted Antiques.
 25591 | D:14     | Found Odett's Assorted Antiques.
 25611 | D:14     | Bought a potion of heal wounds for 120 gold pieces
 25649 | D:14     | Received a gift from Trog
 25685 | D:14     | Found a gate to the Vaults.
 25912 | D:14     | Found Gaah's Distillery.
 25921 | D:14     | Bought 2 potions of curing for 102 gold pieces
 25921 | D:14     | Bought a potion of heal wounds for 85 gold pieces
 25921 | D:14     | Bought a potion of curing for 51 gold pieces
 25921 | D:14     | Bought a potion of curing for 51 gold pieces
 25921 | D:14     | Bought a potion of heal wounds for 85 gold pieces
 25921 | D:14     | Bought a potion of resistance for 170 gold pieces
 26515 | D:14     | Found Jiczi's Weapon Boutique.
 26591 | D:14     | Got a serpentine brass ring
 26592 | D:14     | Identified the cursed ring "Ucofain" {EV-4 Str+4 Dex+4}
                  | (You found it on level 14 of the Dungeon)
 26601 | D:14     | Found a sacrificial altar of Ru.
 26679 | D:14     | Found Ojesify's Distillery.
 26714 | D:14     | Bought a potion of resistance for 120 gold pieces
 26714 | D:14     | Bought a potion of haste for 120 gold pieces
 26714 | D:14     | Bought a potion of curing for 36 gold pieces
 26715 | D:14     | Found Siliz's Gadget Emporium.
 26752 | D:14     | Found a runed translucent door.
 26772 | D:14     | HP: 5/145 [crystal guardian (23)]
 27372 | D:15     | Entered Level 15 of the Dungeon
 27580 | D:15     | Reached XP level 15. HP: 137/137 MP: 14/14
 28079 | D:15     | Found a staircase to the Depths.
 28544 | Orc:1    | Entered Level 1 of the Orcish Mines
 28565 | Orc:1    | Found a roughly hewn altar of Beogh.
 28568 | Orc:1    | Paralysed by an orc sorcerer for 6 turns
 28729 | Orc:1    | Found a runed translucent gate.
 28729 | Orc:1    | Found a runed translucent gate.
 28730 | Orc:1    | Found a runed translucent gate.
 28815 | Orc:1    | Noticed JBAR's ghost (journeyman GnFi)
 29142 | Orc:2    | Entered Level 2 of the Orcish Mines
 29210 | Orc:2    | Found a gate leading to a gauntlet.
 29237 | Gauntlet | Entered a Gauntlet
 29237 | Gauntlet | Found a transporter.
 29237 | Gauntlet | Found a transporter.
 29239 | Gauntlet | Found a transporter.
 29242 | Gauntlet | Found a transporter.
 29243 | Gauntlet | Found a transporter.
 29243 | Gauntlet | Found a transporter.
 29272 | Gauntlet | Found a transporter.
 29276 | Gauntlet | Found a transporter.
 29285 | Gauntlet | Found a transporter.
 29301 | Gauntlet | Found a transporter.
 29318 | Gauntlet | Found a transporter.
 29319 | Gauntlet | Found a transporter.
 29531 | Gauntlet | Received a gift from Trog
 29543 | Gauntlet | Got a pair of glimmering boots
 29574 | Gauntlet | Got a flickering bone ring
 29576 | Gauntlet | Got a faintly glowing scale mail
 29596 | Gauntlet | Identified the +9 scale mail of Grace {rF++ rN+ Stlth+}
                  | (You found it in a Gauntlet)
 29606 | Gauntlet | Identified the +0 pair of boots of the Nightingale {rPois
                  | rC+ Int-4} (You found it in a Gauntlet)
 29608 | Gauntlet | Identified the ring of Riapliel {rPois rN+ MP+9} (You found
                  | it in a Gauntlet)
 29636 | Gauntlet | Identified the +10 great sword of Ydeuk {venom, Int+4
                  | Dex+4}
 29636 | Gauntlet | Identified the cursed +0 shortbow of Burnt Offence {vorpal,
                  | Will+ Dex+4}
 29708 | Orc:2    | Noticed an orc warlord
 29736 | Orc:2    | Killed an orc warlord
 29959 | Orc:2    | Noticed Blork the orc
 29991 | Orc:2    | Killed Blork the orc
 30014 | Orc:2    | Found a roughly hewn altar of Beogh.
 30187 | Orc:2    | Found Pusav's Antique Weapon Emporium.
 30202 | Orc:2    | Found Omauniqa's Antique Armour Emporium.
 30310 | Orc:2    | Found a staircase to the Elven Halls.
 30311 | Orc:2    | Found Vointom's General Store.
 30316 | Orc:2    | Bought a potion of heal wounds for 80 gold pieces
 30339 | Orc:2    | Found a roughly hewn altar of Beogh.
 30398 | Orc:2    | Found a runed translucent gate.
 30399 | Orc:2    | Found a runed translucent gate.
 30400 | Orc:2    | Found a runed translucent gate.
 30401 | Orc:2    | Noticed promet's ghost (adept VSFi)
 30470 | Orc:2    | Found Cash's Book Emporium.
 30515 | Orc:2    | Found Qorchiul's General Store.
 30522 | Orc:2    | Bought a potion of resistance for 160 gold pieces
 30522 | Orc:2    | Bought a scroll of fear for 56 gold pieces
 30688 | Orc:2    | Killed promet's ghost
 30958 | Orc:1    | Killed JBAR's ghost
 31411 | Snake:1  | Entered Level 1 of the Snake Pit
 31443 | Snake:1  | Reached skill level 10 in Evocations
 32515 | Snake:2  | Noticed a nagaraja
 32527 | Snake:2  | Killed a nagaraja
 32874 | Snake:2  | Reached XP level 16. HP: 116/147 MP: 15/15
 33556 | Snake:2  | Found a runed translucent gate.
 33557 | Snake:2  | Found a runed translucent gate.
 33558 | Snake:2  | Found a runed translucent gate.
 33560 | Snake:2  | Noticed Gitz's ghost (adept OpFi)
 33561 | Snake:2  | Noticed Xasup's ghost (adept MiFi)
 33795 | Snake:3  | Noticed Kirke
 33836 | Snake:3  | Killed Kirke
 33902 | Snake:3  | Reached skill level 15 in Fighting
 34106 | Snake:3  | Reached skill level 15 in Axes
 34300 | Snake:3  | Noticed Louise
 34312 | Snake:3  | Killed Louise
 34812 | Snake:3  | Noticed Aizul
 34845 | Snake:3  | Killed Aizul
 34845 | Snake:3  | Received a gift from Trog
 34900 | Snake:3  | Identified Roxanne's Catalogue of Shape Shifting
 34900 | Snake:3  | Noticed Roxanne
 35110 | Snake:4  | Entered Level 4 of the Snake Pit
 35126 | Snake:4  | Reached skill level 15 in Armour
 35289 | Snake:4  | Found a sacrificial altar of Ru.
 35782 | Snake:4  | Received a gift from Trog
 36242 | Snake:4  | Reached XP level 17. HP: 61/156 MP: 16/16
 37075 | Snake:4  | Received a gift from Trog
 37291 | Snake:4  | Got a serpentine rune of Zot
 38167 | Swamp:1  | Entered Level 1 of the Swamp
 39888 | Swamp:3  | Noticed Donald
 39942 | Swamp:2  | Reached ****** piety under Trog
 39943 | Swamp:2  | Reached skill level 15 in Dodging
 39952 | Swamp:2  | Killed Donald
 40307 | Swamp:3  | Received a gift from Trog
 40814 | Swamp:4  | Entered Level 4 of the Swamp
 40852 | Swamp:4  | Reached skill level 15 in Shields
 41615 | Swamp:4  | Reached XP level 18. HP: 168/168 MP: 17/17
 41693 | Swamp:4  | Noticed Nikola
 41723 | Swamp:4  | Killed Nikola
 42349 | Swamp:4  | Received a gift from Trog
 42786 | Swamp:4  | Got a decaying rune of Zot
 43234 | Orc:2    | Bought a scroll of identify for 32 gold pieces
 43366 | D:13     | Bought a scroll of identify for 60 gold pieces
 43366 | D:13     | Bought a scroll of identify for 60 gold pieces
 43366 | D:13     | Bought a scroll of identify for 60 gold pieces
 43389 | D:14     | Bought a scroll of identify for 48 gold pieces
 43392 | D:14     | Identified a scroll of acquirement
 43514 | Lair:1   | Acquired the +8 mithril axe "Arga" {speed, Will+}
 43515 | Lair:1   | Found the +8 mithril axe "Arga" {speed, Will+}
 43684 | Vaults:1 | Entered Level 1 of the Vaults
 43831 | Vaults:1 | Received a gift from Trog
 44067 | Vaults:1 | Noticed a Tzitzimitl
 44558 | Vaults:1 | Received a gift from Trog
 45101 | Vaults:1 | Found Heishrag's Magic Scroll Emporium.
 45109 | Vaults:1 | Bought a scroll of teleportation for 54 gold pieces
 45109 | Vaults:1 | Bought a scroll of teleportation for 54 gold pieces
 45109 | Vaults:1 | Bought a scroll of blinking for 135 gold pieces
 45528 | Vaults:2 | Reached XP level 19. HP: 162/177 MP: 18/18
 45592 | Vaults:2 | Found a basalt altar of Yredelemnul.
 45849 | Vaults:2 | Received a gift from Trog
 46417 | Vaults:2 | Identified the ring of Vonkur {rC+ rN+ rCorr Str+9 Int-3}
 46802 | Vaults:2 | You fall into a shaft and drop 1 floor!
 47159 | Vaults:2 | Received a gift from Trog
 48085 | Vaults:3 | Found the +9 heavy crossbow "Sniper" {vorpal, Acc+∞ SInv}
 48501 | Vaults:3 | Noticed a bone dragon
 48511 | Vaults:3 | Killed a bone dragon
 48523 | Vaults:3 | Found a staircase to the Crypt.
 48673 | Vaults:3 | Reached XP level 20. HP: 157/187 MP: 19/19
 48769 | Vaults:3 | Found Maxir's Book Shoppe.
 48876 | Vaults:3 | Received a gift from Trog
 49855 | Vaults:4 | Received a gift from Trog
 51435 | Depths:1 | Entered Level 1 of the Depths
 51530 | Depths:1 | Found Ali Woit's Book Shop.
 51807 | Depths:1 | Received a gift from Trog
 51828 | Depths:1 | Got a fine broad axe {god gift}
 51830 | Depths:1 | Identified the +7 broad axe "Atsedd" {vorpal, *Noise Will++
                  | Dex+3} (Trog gifted it to you on level 1 of the Depths)
 52371 | Depths:1 | Found Matoa's Armour Emporium.
 52547 | Depths:1 | Found Ilint's Pet Rocks.
 52560 | Depths:1 | Bought a wand of digging (4) for 208 gold pieces
 52560 | Depths:1 | Bought a wand of digging (5) for 234 gold pieces
 52832 | Depths:1 | Reached XP level 21. HP: 108/196 MP: 20/20
 53229 | Depths:1 | Received a gift from Trog
 53632 | Depths:2 | Found a viscous altar of Jiyva.
 53738 | Depths:2 | Found a one-way gate to the infinite horrors of the Abyss.
 54126 | Depths:2 | Noticed a royal mummy
 54960 | Depths:2 | Killed a royal mummy
 55264 | Depths:2 | Identified the amulet of Daffodils {Regen+ Str+5}
 55264 | Depths:2 | Noticed a royal mummy
 55272 | Depths:2 | Killed a royal mummy
 55770 | Depths:3 | Paralysed by a floating eye for 2 turns
 55912 | Depths:3 | Noticed a caustic shrike
 55940 | Depths:3 | Noticed a golden dragon
 55940 | Depths:3 | a golden dragon changed into an iron giant
 55973 | Depths:3 | Noticed a golden dragon
 55973 | Depths:3 | a shadow dragon changed into a golden dragon
 55974 | Depths:3 | Killed a golden dragon
 56229 | Depths:3 | Identified the cursed +0 great sword of Imakluso
                  | {antimagic, rPois rC- Stlth+}
 56583 | Depths:3 | Identified the cursed ring "Uchimiq" {rElec rC+ rN+ Int-4
                  | Slay+2}
 56858 | Depths:3 | Noticed a juggernaut
 56871 | Depths:3 | Reached XP level 22. HP: 158/206 MP: 21/21
 56876 | Depths:3 | Killed a juggernaut
 57178 | Depths:3 | Noticed a caustic shrike
 57196 | Depths:3 | Killed a caustic shrike
 57432 | Depths:3 | Received a gift from Trog
 57476 | Depths:3 | Got a transparent iron amulet
 57484 | Depths:3 | Identified the amulet of Ujuqeptuaso {Reflect Dex+4 SH+5}
                  | (You found it on level 3 of the Depths)
 57498 | Depths:3 | Identified the +6 scale mail "Koyt" {Dex+5} (You found it
                  | on level 3 of the Depths)
 57552 | Depths:3 | Found a one-way gate leading to the halls of Pandemonium.
 57562 | Depths:3 | Identified the amulet of Voezxes {Acrobat Dex+2} (You found
                  | it on level 3 of the Depths)
 57584 | Depths:3 | Identified the +4 chain mail "Boer Feo" {*Drain rF+ Str+4}
                  | (You found it on level 3 of the Depths)
 57976 | Depths:3 | Paralysed by a floating eye for 3 turns
 58192 | Depths:3 | Reached skill level 15 in Evocations
 58704 | Depths:4 | Noticed a golden dragon
 58722 | Depths:4 | Killed a golden dragon
 58742 | Depths:4 | Received a gift from Trog
 58806 | Depths:4 | Noticed a golden dragon
 58831 | Depths:4 | Killed a golden dragon
 59194 | Depths:4 | Identified the +8 dagger of Degid {vamp, *Drain rF+ Will+}
 59395 | Depths:4 | Found the +3 Elemental Staff {rElec rF++ rC++ Will++ AC+5}
 59660 | Depths:4 | Found a portal to a secret trove of treasure.
 59855 | Depths:4 | Found a gateway to a ziggurat.
 59925 | Depths:5 | Entered Level 5 of the Depths
 59944 | Depths:5 | Found a corrupted altar of Lugonu.
 59961 | Depths:5 | Noticed a juggernaut
 59961 | Depths:5 | Noticed Margery
 59962 | Depths:5 | Reached XP level 23. HP: 160/216 MP: 22/22
 60181 | Depths:5 | Killed Margery
 60185 | Depths:5 | Killed a juggernaut
 60187 | Depths:5 | Received a gift from Trog
 60228 | Depths:5 | Found Uxtyski's Assorted Antiques.
 60232 | Depths:5 | Found Laidigob's Gadget Boutique.
 60252 | Depths:5 | Found a flickering gateway to a bazaar.
 60262 | Bazaar   | Entered a bazaar
 60470 | Bazaar   | Found Sohe's Jewellery Boutique.
 60481 | Bazaar   | Found Xushetif's Antique Armour Shoppe.
 60490 | Bazaar   | Found Motim's Antique Weapon Shoppe.
 60501 | Bazaar   | Found Mublah's Magic Scroll Boutique.
 60509 | Bazaar   | Bought a scroll of teleportation for 21 gold pieces
 60509 | Bazaar   | Bought a scroll of enchant armour for 52 gold pieces
 60509 | Bazaar   | Bought a scroll of teleportation for 21 gold pieces
 60509 | Bazaar   | Bought a scroll of identify for 14 gold pieces
 60509 | Bazaar   | Bought a scroll of identify for 14 gold pieces
 60509 | Bazaar   | Bought a scroll of identify for 14 gold pieces
 60509 | Bazaar   | Bought a scroll of summoning for 66 gold pieces
 60509 | Bazaar   | Bought a scroll of teleportation for 21 gold pieces
 60540 | Bazaar   | Found Kenkavvo's General Store.
 60548 | Bazaar   | Bought a scroll of teleportation for 33 gold pieces
 60548 | Bazaar   | Bought a scroll of enchant armour for 82 gold pieces
 60548 | Bazaar   | Bought a scroll of teleportation for 33 gold pieces
 60548 | Bazaar   | Bought a potion of might for 44 gold pieces
 60548 | Bazaar   | Bought a scroll of identify for 22 gold pieces
 60617 | Bazaar   | Bought a condenser vane for 440 gold pieces
 60637 | Bazaar   | Bought the amulet of Rationality {Reflect *Slow rPois Str+2
                  | Int+8 SH+5} for 792 gold pieces
 61253 | Depths:5 | Bought a scroll of blinking for 142 gold pieces
 61253 | Depths:5 | Bought a scroll of teleportation for 57 gold pieces
 62346 | Depths:5 | Found a gate to the Realm of Zot.
 62980 | Vaults:5 | Entered Level 5 of the Vaults
 64146 | Vaults:5 | Noticed Jory
 64158 | Vaults:5 | Killed Jory
 64256 | Vaults:5 | Received a gift from Trog
 64447 | Vaults:5 | Reached XP level 24. HP: 191/228 MP: 22/22
 64794 | Vaults:5 | Identified the +0 robe of Defence {rC+}
 64798 | Vaults:5 | Received a gift from Trog
 65642 | Vaults:5 | Found the +3 crown of Dyrovepreva {rElec Int+2 SInv}
 65703 | Vaults:5 | Identified the cursed +1 whip "Usaoff" {vorpal, rElec rN+}
                  | (You found it on level 5 of the Vaults)
 65728 | Vaults:5 | Identified the ring of Vizok {Will+ Str+2}
 65816 | Vaults:5 | Found Emungor's Weapon Shoppe.
 65826 | Vaults:5 | Got a silver rune of Zot
 65828 | Vaults:5 | Identified the +6 mace "Ihider" {vamp, *Corrode +Fly rF-
                  | Str+8 SInv} (You found it on level 5 of the Vaults)
 65882 | Vaults:5 | Identified the +6 scale mail "Hitocint" {*Slow rC+++ Str+5
                  | Dex-4} (You found it on level 5 of the Vaults)
 66517 | Zot:1    | Entered Level 1 of the Realm of Zot
 66576 | Zot:1    | Received a gift from Trog
 66604 | Zot:1    | Got a steaming ivory ring
 66661 | Zot:1    | Identified the ring "Ekkon" {rC+ rCorr Dex+4} (You found it
                  | on level 1 of the Realm of Zot)
 68755 | Zot:3    | Reached XP level 25. HP: 217/238 MP: 22/22
 69001 | Zot:3    | Received a gift from Trog
 71323 | Zot:4    | Received a gift from Trog
 71533 | Zot:5    | Entered Level 5 of the Realm of Zot
 71865 | Zot:5    | Noticed an ancient lich
 71878 | Zot:5    | Killed an ancient lich
 72123 | Zot:5    | Noticed a Killer Klown
 72123 | Zot:5    | Noticed a Killer Klown
 72123 | Zot:5    | Noticed a Killer Klown
 72124 | Zot:5    | Noticed a Killer Klown
 72133 | Zot:5    | Noticed an orb of fire
 72148 | Zot:5    | Gained mutation: Armour fits poorly on your strangely
                  | shaped body. [an orb of fire]
 72151 | Zot:5    | Gained mutation: Scrolls take you a little longer to read.
                  | [an orb of fire]
 72172 | Zot:5    | Gained mutation: Potions are less effective at restoring
                  | your health. [an orb of fire]
 72174 | Zot:5    | Gained mutation: You are partially covered in iridescent
                  | scales. (AC +2) [an orb of fire]
 72176 | Zot:5    | Gained mutation: You occasionally shout uncontrollably at
                  | your foes. [an orb of fire]
 72186 | Zot:5    | Killed an orb of fire
 72193 | Zot:5    | Killed a Killer Klown
 72203 | Zot:5    | Killed a Killer Klown
 72211 | Zot:5    | Killed a Killer Klown
 72248 | Zot:5    | Killed a Killer Klown
 72543 | Zot:5    | Lost mutation: Scrolls take you a little longer to read.
                  | [potion of mutation]
 72543 | Zot:5    | Lost mutation: Armour fits poorly on your strangely shaped
                  | body. [potion of mutation]
 72543 | Zot:5    | Lost mutation: Potions are less effective at restoring your
                  | health. [potion of mutation]
 72543 | Zot:5    | Gained mutation: You tend to lose your temper in combat.
                  | [potion of mutation]
 72543 | Zot:5    | Gained mutation: You are partially covered in rugged brown
                  | scales. (AC +1, +3% HP) [potion of mutation]
 72545 | Zot:5    | Lost mutation: You occasionally shout uncontrollably at
                  | your foes. [potion of mutation]
 72545 | Zot:5    | Lost mutation: You tend to lose your temper in combat.
                  | [potion of mutation]
 72545 | Zot:5    | Lost mutation: You are partially covered in rugged brown
                  | scales. (AC +1, +3% HP) [potion of mutation]
 72545 | Zot:5    | Gained mutation: You passively map a small area around you.
                  | [potion of mutation]
 72545 | Zot:5    | Gained mutation: You have supernaturally acute eyesight.
                  | (SInv) [potion of mutation]
 72571 | Zot:5    | Reached XP level 26. HP: 226/249 MP: 22/22
 72948 | Zot:5    | Noticed an orb of fire
 72962 | Zot:5    | Gained mutation: You occasionally shout uncontrollably at
                  | your foes. [an orb of fire]
 72968 | Zot:5    | Lost mutation: You have supernaturally acute eyesight.
                  | (SInv) [an orb of fire]
 72974 | Zot:5    | Killed an orb of fire
 73858 | Zot:5    | Noticed an ancient lich
 73863 | Zot:5    | Killed an ancient lich
 73871 | Zot:5    | Noticed an ancient lich
 73880 | Zot:5    | Killed an ancient lich
 74551 | Elf:1    | Entered Level 1 of the Elven Halls
 74561 | Elf:1    | Received a gift from Trog
 74720 | Elf:1    | Found a ruined gateway.
 74730 | Desolati | Entered the Desolation of Salt
 74796 | Desolati | Found the cursed necklace of Bloodlust {*Rage +Rage Will++
                  | Int-3 Slay+6 *Curse}
 74837 | Desolati | Identified the Almanac of Curses and Clay
 75086 | Desolati | Received a gift from Trog
 75134 | Desolati | Identified the +8 great mace of Fedhas's Whim {freeze,
                  | rF+++ Str+2 Int-2 Stlth+} (You found it in the Desolation
                  | of Salt)
 75141 | Desolati | Identified the Catalogue of Freezing Air
 75821 | Elf:1    | Found a transporter.
 75890 | Elf:1    | Received a gift from Trog
 76022 | Elf:1    | Found a transporter.
 76312 | Elf:1    | Identified the ring "Igiagel" {+Blink +Fly AC+4 Int+3
                  | Dex-5} (You found it on level 1 of the Elven Halls)
 76326 | Elf:1    | Got a glittering copper ring
 76338 | Elf:1    | Identified the cursed ring "Razeharph" {Will+ Str-4} (You
                  | found it on level 1 of the Elven Halls)
 76483 | Elf:2    | Found a runed translucent gate.
 76483 | Elf:2    | Found a runed translucent gate.
 76483 | Elf:2    | Found a runed translucent gate.
 76824 | Elf:2    | Reached XP level 27. HP: 260/260 MP: 22/22
 76848 | Elf:2    | Received a gift from Trog
 77262 | Elf:3    | Entered Level 3 of the Elven Halls
 78174 | Elf:3    | Received a gift from Trog
 78186 | Elf:3    | Identified the +3 kite shield of Prudence {Stlth+}
 78186 | Elf:3    | Noticed Asterion
 78242 | Elf:2    | Killed Asterion
 78243 | Elf:2    | Killed the ghostly Asterion
 79284 | Elf:3    | Found the +2 Maxwell's thermic engine {flame, freeze}
 79369 | Elf:3    | Got a faintly glowing tin ring
 79372 | Elf:3    | Identified the ring of Vueqet {*Tele rC++} (You found it on
                  | level 3 of the Elven Halls)
 79409 | Elf:3    | Received a gift from Trog
 79461 | Elf:3    | Got a steaming steel ring
 79463 | Elf:3    | Identified the ring "Kuales" {rElec rPois rC- rN+ Will+++}
                  | (You found it on level 3 of the Elven Halls)
 79503 | Elf:3    | Got a smoking scale mail
 79514 | Elf:3    | Identified the +3 scale mail "Pabeeg" {+Blink Will+} (You
                  | found it on level 3 of the Elven Halls)
 79720 | Lair:1   | Acquired 891 gold pieces
 79845 | Slime:1  | Entered Level 1 of the Pits of Slime
 79853 | Slime:1  | Gained mutation: Scrolls take you a little longer to read.
                  | [a shining eye]
 79857 | Slime:1  | Gained mutation: You are dopey. (Int -2) [a shining eye]
 79858 | Slime:1  | Gained mutation: You sometimes yell uncontrollably at your
                  | foes. [a shining eye]
 79893 | Slime:2  | Gained mutation: Armour fits poorly on your strangely
                  | shaped body. [a shining eye]
 79894 | Slime:2  | Gained mutation: You are frail. (-10% HP) [a shining eye]
 79895 | Slime:2  | Gained mutation: You are very frail. (-20% HP) [a shining
                  | eye]
 79895 | Slime:2  | Gained mutation: You are weak. (Str -2) [a shining eye]
 79896 | Slime:2  | Gained mutation: You tend to lose your temper in combat. [a
                  | shining eye]
 79907 | Slime:2  | Gained mutation: You are clumsy. (Dex -2) [a shining eye]
 80070 | Slime:3  | Gained mutation: You are extremely frail. (-30% HP) [a
                  | shining eye]
 80073 | Slime:3  | Gained mutation: Your body sometimes deteriorates upon
                  | taking damage. [a shining eye]
 80075 | Slime:3  | Gained mutation: Your magical capacity is low. (-10% MP) [a
                  | shining eye]
 80142 | Slime:4  | Gained mutation: You are very weak. (Str -4) [a shining
                  | eye]
 80143 | Slime:4  | Gained mutation: Scrolls take you longer to read. [a
                  | shining eye]
 80150 | Slime:4  | Gained mutation: Scrolls take you much longer to read. [a
                  | shining eye]
 80262 | Slime:5  | Entered Level 5 of the Pits of Slime
 80292 | Slime:5  | Noticed the Royal Jelly
 80443 | Slime:4  | Received a gift from Trog
 80690 | Slime:5  | Gained mutation: You frequently scream uncontrollably at
                  | your foes. [a shining eye]
 80700 | Slime:4  | HP: 7/184 [acid[the Royal Jelly] (4)]
 80700 | Slime:4  | Splashed by an acid blob's acid

Illustrated notes

Levels and vault maps discovered:
D:1:      matt_arrival_spirals, layout_rooms, chequers_garden
D:2:      layout_basic, minmay_pentomino_r2
D:3:      layout_basic, overflow_temple_1_default,
          nicolae_qazlal_style_of_elements
D:4:      layout_basic, minitemple, lemuel_coloured_pillars_altar,
          gammafunk_ghost_cemetery
D:5:      layout_rooms, gammafunk_temple_overflow_statue,
          minmay_temple_entry_poolview, cheibrodos_sewer_entry_sluice
D:6:      layout_cave_pools
D:7:      layout_loops_cross
D:8:      layout_rooms, grunt_lair_entry_orc_guard_hut, uniq_erica, uniq_pikel
D:9:      layout_irregular_city, xom_confusion_cloud,
          chequers_temple_overflow_statue_of_worship, orc_david_3, uniq_psyche
D:10:     layout_small_grid
D:11:     layout_basic, eino_house_with_fridge, uniq_urug, uniq_gastronok,
          uniq_snorg
D:12:     layout_basic, minmay_guarded_unrand_finisher, uniq_azrael
D:13:     layout_small_grid, serial_shops, shop
D:14:     layout_cave_pods, hangedman_vaults_entry_quadrant_bands, serial_shops,
          shop_fountains, shop, shop, shop, nicolae_shop_stone,
          nicolae_ru_the_path_less_chosen, minmay_crystal_box
D:15:     grunt_enter_depths_magical_seal, layout_irregular_city,
          serial_bayou_pond_e
Lair:1:   layout_cave_pods, st_stairs_10
Lair:2:   layout_loops_ring, minmay_swamp_entry_worms
Lair:3:   layout_cave_shapes, dummy_snake_entry, nicolae_volcano_entry_s_turn,
          minmay_lair_oklob_chamber, grunt_megastairs_1, serial_bayou_shore_b
Lair:4:   layout_roguey, gammafunk_ghost_berserking_beasts, serial_rivers,
          chequers_serial_rivers_small_3, chequers_serial_rivers_large_b,
          chequers_serial_rivers_small_3, chequers_serial_rivers_small_3
Lair:5:   gammafunk_lair_enchanted_lake, layout_gridlike, slime_altar_1
Lair:6:   evil_forest, layout_gridlike
Swamp:1:  layout_falls_marsh, evilmike_swamp_ruin_rubble_1
Swamp:2:  layout_basic_swamp, evilmike_swamp_ruin_wall, swamp_pool4,
          infiniplex_staircase_pool
Swamp:3:  layout_basic_swamp, evilmike_swamp_ruin_house_2, uniq_donald
Swamp:4:  swamp_basic_johnstein, layout_basic_swamp, swamp_pool4, uniq_nikola
Snake:1:  layout_cave_pods
Snake:2:  layout_misc_corridors, gammafunk_ghost_cemetery, grunt_megastairs_3,
          serial_bayou_shore_b
Snake:3:  layout_gridlike, st_stairs_2, nicolae_snake_salamander_stairs,
          serial_bayou_shore_b, uniq_aizul, uniq_roxanne, uniq_louise,
          uniq_kirke
Snake:4:  johnstein_snake_rune_scales, layout_rooms, basic_altar
Slime:1:  layout_caves
Slime:2:  layout_caves, cheibrodos_slime_lost_civilization_4
Slime:3:  layout_caves
Slime:4:  layout_caves
Slime:5
Orc:1:    cheibrodos_orc_guarddog, layout_diamond_mine, gammafunk_ghost_split,
          basic_altar
Orc:2:    grunt_orc_cross, layout_caves, gauntlet_entry_generic,
          gammafunk_ghost_split, serial_shops, nicolae_shop_trees,
          nicolae_orc_lost_temple
Elf:1:    gammafunk_its_a_trap, layout_gridlike, portal_desolation_entry_salt,
          hangedman_elven_crosses_minicolossus
Elf:2:    layout_geoelf_diagonals
Elf:3:    minmay_elf_hall_four_x, layout_gridlike, billiards_dpeg, uniq_asterion
Vaults:1: hangedman_vaults_slither, vaults_dpeg_diagonal,
          hangedman_vaults_snaps, v_pattern_4, hangedman_vaults_stream,
          hangedman_vaults_hard_town_square, ontoclasm_vaults_decontamination,
          v_misc_10, vaults_standard_mumra_enter_the_diamond,
          vaults_dpeg_encased_lava, layout_vaults_omnibox, serial_shops, shop
Vaults:2: nicolae_vaults_yaktaur_gun_rack, vaults_room_pool,
          ontoclasm_vaults_claustrophobia, nicolae_vaults_shelves_hall,
          nicolae_vaults_angled_halls, vaults_room_stairs_pillars,
          hangedman_vaults_slice, layout_vaults_omnigrid, basic_altar
Vaults:3: v_misc_26, hangedman_vaults_trim, minmay_crypt_entry_nasty_monster,
          vaults_mumra_minichess_inversion, nicolae_vaults_ring_of_whatevers,
          v_misc_9, minmay_guarded_unrand_secular_launcher,
          vaults_room_fancy_cross, nicolae_vaults_network_periphery,
          vaults_dpeg_spiral, ontoclasm_vaults_misaligned,
          dpeg_vaults_monster_box, layout_vaults_ring, serial_shops,
          nicolae_shop_behind_doors
Vaults:4: nicolae_vaults_angled_halls, nicolae_vaults_big_angled_halls,
          v_alt_pattern_1, nicolae_vaults_twisting_passages,
          nicolae_vaults_asterisk, v_alt_pattern_2, vaults_room_door_ring,
          vaults_room_octagon, hangedman_vaults_stagger,
          hangedman_vaults_capsules, st_more_cells, vaults_standard_mumra_x,
          nicolae_vaults_alarming, nicolae_vaults_gold_heap,
          layout_vaults_big_cross
Vaults:5: uniq_jory
Depths:1: layout_cave_pools, pf_dread_powers_of_hell, serial_shops, shop,
          shop_statue, minmay_fountain_box, guppyfry_shop_earth
Depths:2: ragdoll_tomb_raider, layout_cave_shapes, special_room
          [special_room_jelly], minmay_misc_feat_encased, abyss_entry,
          hell_entry, st_stairs_5
Depths:3: box_level_dp, pan_entry, hell_entry
Depths:4: minmay_the_grid_3x2 [minmay_the_grid_stretched_grid,
          minmay_the_grid_broken_lines, minmay_the_grid_square_x,
          minmay_the_grid_minigrid_large, minmay_the_grid_minigrid_small,
          minmay_the_grid_prize_four_corners_diamond_a], layout_gridlike,
          enter_ziggurat_f, nicolae_abyss_entry_one_way_or_another,
          grunt_hell_entry_dis_grunt, nicolae_trove_entry_path_of_doom,
          minivault_11
Depths:5: grunt_zot_entry_hairpin, layout_cave_shapes, abyss_entry_flame_altar,
          grunt_metal_band, serial_shops, freezing_bzr, hangedman_decor_growths,
          minmay_shoptagon
Zot:1:    lemuel_firehouse, layout_onion_interference, grunt_ministairs_1,
          st_small_dragon_hoard_3
Zot:2:    layout_gridville
Zot:3:    layout_gridlike, lemuel_golem_globe
Zot:4:    layout_misc_corridors, drop_trap, hangedman_hellfire_club
Zot:5:    layout_misc_corridors

Skill      XL: |  1  2  3  4  5  6  7  8  9 10 11 12 13 14 15 16 17 18 19 20 21 22 23 24 25 26 27 |
---------------+----------------------------------------------------------------------------------+-----
Fighting       | 4 5 6 8 9 10 11 12 13 14 15 16 17 18 19 20 21 22 23 24 | 24.4
Axes           | 4 5 6 8 9 11 12 13 14 15 16 17 18 19 20 | 20.0
Armour         | 3 4 6 7 8 9 10 11 12 13 14 15 16 17 18 19 20 21 22 23 24 | 24.3
Dodging        | 3 4 5 6 7 8 9 10 11 12 13 14 15 16 17 18 19 20 21 22 | 22.7
Shields        | 1 3 5 7 9 10 11 13 14 15 16 17 18 19 20 21 22 23 | 23.7
Evocations     | 1 2 4 5 7 8 9 10 11 12 13 14 15 16 17 18 19 | 19.2

Action                   |  1- 3 |  4- 6 |  7- 9 | 10-12 | 13-15 | 16-18 | 19-21 | 22-24 | 25-27 || total
-------------------------+-------+-------+-------+-------+-------+-------+-------+-------+-------++-------
Melee: Hand axe          |    77 |    83 |       |       |       |       |       |       |       ||   160
       Headbutt          |    17 |    31 |    46 |   128 |   348 |   411 |   471 |   454 |   434 ||  2340
       War axe           |       |    63 |   266 |   511 |  1382 |  1198 |       |       |       ||  3420
       Flail             |       |       |       |    25 |    32 |       |       |       |       ||    57
       Morningstar       |       |       |       |       |       |    83 |       |       |       ||    83
       Broad axe         |       |       |       |       |       |   319 |  1264 |  1162 |  1305 ||  4050
       Unarmed           |       |       |       |       |       |       |       |       |     8 ||     8
Invok: Trog's Hand       |       |     2 |     5 |     6 |    18 |     7 |     4 |     5 |     4 ||    51
       Brothers in Arms  |       |       |     1 |     2 |     6 |     4 |     2 |     4 |     2 ||    21
       Berserk           |       |       |       |       |     1 |       |     1 |       |       ||     2
Evoke: Wand              |       |       |       |     3 |     1 |    32 |    14 |     7 |    21 ||    78
       Lightning rod     |       |       |       |       |       |     1 |       |       |       ||     1
       Phantom mirror    |       |       |       |       |       |       |     1 |       |       ||     1
       Tin of tremorston |       |       |       |       |       |       |     1 |       |       ||     1
       Box of beasts     |       |       |       |       |       |       |       |     2 |       ||     2
  Use: Scroll            |       |       |     7 |    11 |    18 |    16 |     6 |    20 |    15 ||    93
       Potion            |       |       |     1 |     3 |     9 |     6 |     2 |     2 |     3 ||    26
 Stab: Distracted        |       |       |       |       |       |     1 |       |     7 |       ||     8
       Confused          |       |       |       |       |       |     2 |       |       |       ||     2
       Paralysed         |       |       |       |       |       |       |     1 |     2 |       ||     3
       Invisible         |       |       |       |       |       |       |       |     1 |       ||     1
Armor: Animal skin       |     9 |     1 |       |       |       |       |       |       |       ||    10
       Ring mail         |       |    17 |       |       |       |       |       |       |       ||    17
       Chain mail        |       |    40 |   206 |   299 |   502 |       |       |       |       ||  1047
       Scale mail        |       |       |       |       |    85 |   585 |   263 |   197 |   212 ||  1342
Dodge: Dodged            |    73 |    82 |   173 |   287 |   676 |   793 |   466 |   459 |   455 ||  3464
Block: Buckler           |       |       |    22 |   154 |   432 |       |       |       |       ||   608
       Tower shield      |       |       |       |       |   154 |  1685 |  1208 |  1374 |  1634 ||  6055
       Reflection        |       |       |       |       |       |       |       |    73 |    97 ||   170
       Other             |       |       |       |       |       |       |       |       |     1 ||     1
